 Dungeon Crawl Stone Soup version 0.29-a0-233-g1125b37a9b (webtiles) character file.

Game seed: 16716518326150899844

0 lunkers the Sneak (level 1, -1/17 HPs)
             Began as a Vampire Delver on Mar 1, 2022.
             Was an Initiate of Hepliaklqana.
             Slain by an iguana (8 damage)
             ... on level 5 of the Dungeon.
             The game lasted 00:00:20 (93 turns).

lunkers the Sneak (Vampire Delver)                    Turns: 93, Time: 00:00:21

Health: -1/17      AC:  3    Str: 11    XL:     1   Next: 0%
Magic:  1/1        EV: 12    Int: 12    God:    Hepliaklqana [......]
Gold:   13         SH:  0    Dex: 15    Spells: 0/0 levels left

rFire   . . .      SeeInvis +   a - +0 short sword
rCold   . . .      Faith    .   (no shield)
rNeg    . . .      Spirit   .   b - +0 leather armour
rPois   .          Reflect  .   (no helmet)
rElec   .          Harm     .   (no cloak)
rCorr   .          Rampage  .   (no gloves)
Will    .....                   (no boots)
Stlth   +++.......              (no amulet)
HPRegen 0.25/turn               (no ring)
MPRegen 0.07/turn               (no ring)

@: healing quickly
A: alive, fangs 3, see invisible, vampiric 1
a: Exsanguinate, Renounce Religion


You were on level 5 of the Dungeon.
You worshipped Hepliaklqana.
Hepliaklqana was noncommittal.
You visited 1 branch of the dungeon, and saw 1 of its levels.

You collected 13 gold pieces.

Inventory:

Hand Weapons
 a - a +0 short sword (weapon)
Armour
 b - a +0 leather armour (worn)
Wands
 g - a wand of digging (3)
Scrolls
 c - a scroll of fog
 d - a scroll of magic mapping
 e - a scroll of fear
Potions
 f - a potion of haste


   Skills:
 - Level 2.6 Fighting
 * Level 2.1 Short Blades
 - Level 2.1 Dodging
 + Level 7.2 Stealth


You couldn't memorise any spells.
You didn't know any spells.
Your spell library was empty.

Dungeon Overview and Level Annotations

Branches:
Dungeon (5/15)
 Temple: D:4-7

Altars:
Hepliaklqana


Innate Abilities, Weirdness & Mutations

Your natural rate of healing is accelerated.
You have razor-sharp teeth.
You have supernaturally acute eyesight. (SInv)
You are afflicted with vampirism.


Message History

Welcome, lunkers the Vampire Delver.
Everyone else who sought the Orb of Zot has failed.
Will you be different?
Press ? for a list of commands and other information.
Found a stone staircase leading down.
An iguana comes into view.
Found a hazy altar of Hepliaklqana.
Found an escape hatch in the floor.
An iguana comes into view.
Found a dark potion.
You hit the plant.
The plant begins to die.
The plant is lightly damaged.
There is a hazy altar of Hepliaklqana here.
You kneel at the altar of Hepliaklqana.
Hepliaklqana welcomes you!
A nearby plant withers and dies.
You now have 13 gold pieces.
The iguana hisses angrily.
Okay, then.
The iguana misses you.
You hit the iguana. You bite the iguana, but do no damage.
The iguana is lightly wounded.
The iguana bites you!
Ouch! That really hurt!
* * * LOW HITPOINT WARNING * * *
You hit the iguana. Your bite misses the iguana.
The iguana is lightly wounded.
The iguana bites you!
You die...

#....##................#
#....##......########.###
#....##......# ####..P###
#.....#......#####§P....#.#
#.....#......##.#..PPP§...#
#...............§..#.PP...##
#.....#.##.####......§..#P.##
#######.#.##.####..P.P.§_.....#
...............@l..P...§.....##
########..##.####..##P.P#..§.#
#..##.####..#...P.....#
##>......#..#.P.P.#P#.#
####.##.#.$#.##...#### #.#
#.>#. ..### ..# #l.# .# ..#
.... .#...


You could see an iguana.

Vanquished Creatures (others)
  A plant (D:5)
1 creature vanquished.

Notes
Turn   | Place    | Note
-------+----------+-------------------------------------------
     0 | D:5      | lunkers the Vampire Delver began the quest for the Orb.
     0 | D:5      | Reached XP level 1. HP: 17/17 MP: 1/1
    23 | D:5      | Noticed an iguana
    38 | D:5      | Found a hazy altar of Hepliaklqana.
    44 | D:5      | Noticed an iguana
    56 | D:5      | Became a worshipper of Hepliaklqana the Forgotten
    93 | D:5      | Slain by an iguana

Illustrated notes

Levels and vault maps discovered:
D:5:      layout_basic, grunt_temple_overflow_holy_war, old_standard_altar,
          nicolae_hepliaklqana_hazy_memory, mainiacjoe_overflow_six_doors_small,
          zin_angel

Action                   || total
-------------------------++-------
Melee: Short sword       ||     3
       Bite              ||     1
Dodge: Dodged            ||     1

Table legend: (Time is in decaauts)
 A = Elapsed time spent in this place.
 B = Non-inter-level travel time spent in this place.
 C = Inter-level travel time spent in this place.
 D = Time resting spent in this place.
 E = Time spent auto-exploring this place.
 F = Levels seen in this place.
 G = Mean time per level.
                   A        B        C        D        E       F      G
               +--------+--------+--------+--------+--------+-----+--------+
         Total |     93 |     93 |      0 |      0 |     57 |   1 |   93.0 |
       Dungeon |     93 |     93 |      0 |      0 |     57 |   1 |   93.0 |
               +--------+--------+--------+--------+--------+-----+--------+

Top non-repeatable levels by time:
     D:5: 93 daAuts
